 Dungeon Crawl Stone Soup version 0.20.1-1-g8b1a95d (webtiles) character file.

762 ShansongY the Skirmisher (level 7, 0/61 HPs)
             Began as a Purple Draconian Skald on Dec 22, 2017.
             Was a Follower of Okawaru.
             Killed from afar by an orc wizard (6 damage)
             ... with a magic dart
             ... on level 4 of the Dungeon.
             The game lasted 00:17:10 (5892 turns).

ShansongY the Skirmisher (Purple Draconian Skald)   Turns: 5892, Time: 00:17:12

Health: 0/61       AC:  6    Str: 20    XL:     7   Next: 51%
Magic:  0/11       EV: 14    Int: 14    God:    Okawaru [*.....]
Gold:   270        SH:  0    Dex: 10    Spells: 11/12 levels left

rFire    . . .     SeeInvis .   a - +1 hand axe
rCold    . . .     Gourm    .   (no shield)
rNeg     . . .     Faith    .   (armour unavailable)
rPois    .         Spirit   .   (helmet restricted)
rElec    .         Reflect  .   (no cloak)
rCorr    .         Harm     .   (no gloves)
MR       +....                  (no boots)
Stlth    ++........             (no amulet)
Regen    0.2/turn               (no ring)
MPRegen  0.2/turn               (no ring)

@: mighty, heroism, infused (expiring), heavily drained
A: breathe power, unfitting armour, cold-blooded, AC +6
a: Breathe Dispelling Energy, Heroism, Renounce Religion


You were on level 4 of the Dungeon.
You worshipped Okawaru.
Okawaru was aware of your devotion.
You were not hungry.

You visited 1 branch of the dungeon, and saw 5 of its levels.

You collected 270 gold pieces.

Inventory:

Hand Weapons
 a - a +1 hand axe (weapon)
Armour
 d - a +1 pair of boots
Scrolls
 j - a scroll of magic mapping
 k - 5 scrolls of remove curse
 m - 2 scrolls of blinking {unknown}
 r - a scroll of immolation {unknown}
Potions
 h - 2 potions of flight
 l - a potion of degeneration
 o - a potion of haste
 q - a potion of mutation {unknown}
 s - a potion of lignification {unknown}
Books
 b - a book of Battle

   Spells                             Type                      Level
   a - Infusion                       Charms                       1
   b - Shroud of Golubria             Charms/Translocation         2
   c - Song of Slaying                Charms                       2
   d - Spectral Weapon                Hexes/Charms                 3
   e - Regeneration                   Charms/Necromancy            3
Comestibles
 c - 3 bread rations
 f - 2 chunks of flesh
 i - a meat ration


   Skills:
 * Level 5.4(7.6) Fighting
 * Level 5.2(7.3) Axes
 + Level 4.0(6.2) Dodging
 + Level 3.3(0.9) Spellcasting
 + Level 4.1(1.7) Charms


You had 11 spell levels left.
You knew the following spells:

 Your Spells              Type           Power        Failure   Level  Hunger
a - Infusion              Chrm           #...         13%         1    ##.....


Dungeon Overview and Level Annotations

Branches:
Dungeon (5/15)
 Temple: D:4-7

Altars:
Ashenzari
Cheibriados
Makhleb
Okawaru
The Shining One


Innate Abilities, Weirdness & Mutations

You can breathe bolts of dispelling energy.
Your rich purple scales are hard. (AC +6)
You cannot fit into any form of body armour.
You are cold-blooded and may be slowed by cold attacks.


Message History

The orc wizard hits you with an enchanted dagger.
* * * LOW HITPOINT WARNING * * *
You completely miss the orc.
The orc is severely wounded.
You miss the orc wizard. The orc wizard barely misses you. The orc misses you.
You hit the orc.
The orc is almost dead.
You hit the orc wizard. The orc wizard misses you.
The orc hits you with a mace.
* * * LOW HITPOINT WARNING * * *
You slash the orc!
You kill the orc!
Okawaru accepts your kill.
You hit the orc wizard.
The orc wizard hits you with an enchanted dagger.
* * * LOW HITPOINT WARNING * * *
You feel very mighty all of a sudden.
The orc wizard points at you and mumbles some strange words.
The magic dart hits you!
You die...

....#.....#)#######...# #.
........<.............#### ##.
..)##.#####.##...........######..
......# #.##.......###.........
...#### #.##........#######...#
...# #.##......#..# ###.###
###########.##......##.# #.....#
#.............o)...##.# #.....#
#.........#....@)..##.# #.....#
#.........#.#..>...##.# #.....#
##...........#########.## #.....#
........................###.....#
.#######..........#####..........
.#####.....#...............######
..............##......######
#####.#.###......####.####
#......# #...#### #....#####


You could see an orc wizard.

Vanquished Creatures
  A phantom (D:4)
  2 ogres (D:4)
  A howler monkey (D:5)
  3 wights (D:5)
  An orc priest (D:5)
  3 orc wizards
  Terence (D:2)
  Robin (D:3)
  6 adders
  5 worms
  3 dart slugs
  5 leopard geckos
  16 orcs
  11 bats
  4 giant cockroaches
  15 goblins
  5 hobgoblins
  7 jackals
  2 quokkas (D:2)
  2 ball pythons
  A ball python skeleton (D:5)
  4 frilled lizards
  14 kobolds
  A quokka skeleton (D:4)
  6 rats
120 creatures vanquished.

Notes
Turn   | Place    | Note
-------+----------+-------------------------------------------
     0 | D:1      | ShansongY the Draconian Skald began the quest for the Orb.
     0 | D:1      | Reached XP level 1. HP: 17/17 MP: 3/3
    79 | D:1      | Reached XP level 2. HP: 17/25 MP: 5/5
   774 | D:1      | Reached XP level 3. HP: 30/30 MP: 6/6
  1403 | D:2      | Found a glowing golden altar of the Shining One.
  2085 | D:3      | Reached XP level 4. HP: 19/38 MP: 7/7
  2294 | D:3      | Noticed Robin
  2300 | D:3      | Noticed Terence
  2534 | D:2      | Killed Terence
  2712 | D:3      | Killed Robin
  2831 | D:3      | Reached XP level 5. HP: 21/45 MP: 4/8
  3379 | D:3      | Found an iron altar of Okawaru.
  3387 | D:3      | Became a worshipper of Warmaster Okawaru
  3985 | D:3      | Found a shattered altar of Ashenzari.
  3985 | D:3      | Found a faded altar of an unknown god.
  3990 | D:3      | Found a snail-covered altar of Cheibriados.
  3992 | D:3      | Found a faded altar of an unknown god.
  3994 | D:3      | Found a burning altar of Makhleb.
  4424 | D:4      | Noticed an ogre
  4433 | D:4      | Killed an ogre
  4433 | D:4      | Reached XP level 6. HP: 20/52 MP: 3/9
  5034 | D:5      | Entered Level 5 of the Dungeon
  5087 | D:4      | Reached * piety under Okawaru
  5119 | D:5      | Your scales start taking on a rich purple colour.
  5119 | D:5      | Reached XP level 7. HP: 51/60 MP: 4/11
  5138 | D:5      | Reached skill level 5 in Fighting
  5371 | D:5      | Reached skill level 5 in Axes
  5892 | D:4      | Killed from afar by an orc wizard

Skill      XL: |  1  2  3  4  5  6  7 |
---------------+----------------------+-----
Fighting       | 3 4 5 |  5.4
Axes           | 3 4 5 |  5.2
Dodging        | 3 4 |  4.0
Charms         | 3 4 |  4.1
Spellcasting   | 3 |  3.3

Action                   |  1- 3 |  4- 6 |  7- 9 || total
-------------------------+-------+-------+-------++-------
Melee: Hand axe          |   136 |   229 |    64 ||   429
       Tailslap          |     8 |    24 |     5 ||    37
 Cast: Infusion          |     1 |    15 |     6 ||    22
Invok: Heroism           |       |       |     3 ||     3
 Abil: Breathe Dispellin |       |       |     1 ||     1
  Use: Potion            |     1 |     3 |     1 ||     5
       Scroll            |       |    13 |       ||    13
 Stab: Sleeping          |     1 |       |       ||     1
  Eat: Chunk             |     3 |    10 |     3 ||    16
       Fruit             |       |     1 |       ||     1
Armor: Skin              |    58 |    49 |    16 ||   123
Dodge: Dodged            |   114 |   170 |    52 ||   336
